 Dungeon Crawl Stone Soup version 0.31-a0-180-g519b7de00c (webtiles) character file.

Game seed: 17147209028833054112

4526 holysushi the Zephyrmancer (level 10, -1/64 HPs)
             Began as a Djinni Conjurer on June 20, 2023.
             Was an Initiate of Gozag.
             Slain by a polar bear (19 damage)
             ... on level 8 of the Dungeon.
             The game lasted 00:16:42 (8958 turns).

holysushi the Zephyrmancer (Djinni Conjurer)        Turns: 8958, Time: 00:16:43

Health: -1/64      AC: 11    Str: 15    XL:     10   Next: 66%
Gold:   494        EV: 38    Int: 21    God:    Gozag SH:  0 Dex: 21

rFire   + + .        f - +4 short sword of Internal Strife {flame, Dex+3}
rCold   x . .        (no shield)
rNeg    . . .        m - +5 robe of Misfortune {Harm *Corrode *Slow EV+5}
rPois   ∞            (no helmet)
rElec   .            t - +0 cloak
rCorr   .            s - +2 pair of gloves of Generosity {Will+}
SInv    .            (boots unavailable)
Will    ++...        u - amulet of the acrobat
Stlth   ++           q - ring of the Imbibing Madman {Str+3 Dex+3 Slay+4}
HPRegen 0.30/turn    D - +6 ring of strength
MPRegen 0.00/turn

%: corrode self (3%), slow self (1%), harm (+30% outgoing, +20% incoming),
acrobat, infuse magic (-2 HP)
@: acrobatic, flying, slowed, studying Air Magic, very slow
A: sickness immunity, fire resistance 2, cold vulnerability 1, float, innate
caster, HP casting, extra vitality 1
a: Renounce Religion, Potion Petition, Call Merchant, Bribe Branch


You were on level 8 of the Dungeon.
You worshipped Gozag.
Gozag was aware of your devotion.
You visited 2 branches of the dungeon, and saw 9 of its levels.
You also visited: Sewer.

You collected 854 gold pieces.
You spent 198 gold pieces at shops.
You paid 162 gold pieces to Gozag.

Inventory:

Hand Weapons
 f - the +4 short sword of Internal Strife (weapon) {flame, Dex+3}
   (You found it in a sewer)

   Dex:       It affects your dexterity (+3).
Missiles
 l - 6 atropa-tipped darts
 A - a throwing net
Armour
 m - the +5 robe of Misfortune (worn) {Harm *Corrode *Slow EV+5}
   (You took it off a hobgoblin on level 3 of the Dungeon)

   EV:        It affects your evasion (+5).
   *Corrode:  It may corrode you when you take damage.
   *Slow:     It may slow you when you take damage.
   Harm:      It increases damage dealt and taken.
 n - the +3 robe "Asithrag" {rPois Dex+4}
   (You took it off a goblin on level 3 of the Dungeon)

   Dex:       It affects your dexterity (+4).
   rPois:     It protects you from poison.
 s - the +2 pair of gloves of Generosity (worn) {Will+}
   (You acquired it in a sewer)

   Will:      It increases your willpower.
 t - a +0 cloak (worn)
Magical Staves
 e - a staff of fire
Jewellery
 q - the ring of the Imbibing Madman (left hand) {Str+3 Dex+3 Slay+4}
   (You found it in a sewer)

   [ring of slaying]

   Str:       It affects your strength (+3).
   Dex:       It affects your dexterity (+3).
   Slay:      It affects your accuracy & damage with ranged weapons and melee
   (+4).
 u - an amulet of the acrobat (around neck)
 D - a +6 ring of strength (right hand)
Wands
 r - a wand of flame (7)
 w - a wand of paralysis (5)
 y - a wand of roots (8)
 C - a wand of acid (5)
Scrolls
 d - 2 scrolls of identify
 g - 2 scrolls of blinking
 h - 2 scrolls of immolation
 j - a scroll of poison
 k - 9 scrolls of teleportation
 x - a scroll of silence
 B - a scroll of revelation
 E - a scroll of fear {unknown}
Potions
 a - 2 potions of haste
 b - 3 potions of heal wounds
 c - 2 potions of invisibility
 i - 9 potions of curing
 o - a potion of lignification
 p - a potion of cancellation
 v - a potion of might {unknown}
 z - 2 potions of degeneration {unknown}


   Skills:
 - Level 2.0 Fighting
 + Level 8.4 Dodging
 - Level 1.5 Stealth
 * Level 10.2 Spellcasting
 * Level 10.2 Conjurations
 * Level 10.2 Hexes
   Level 0.0 Charms
 * Level 10.2 Summonings
 * Level 10.2 Necromancy
 * Level 10.2 Translocations
 * Level 10.2 Transmutations
 * Level 10.2 Fire Magic
 * Level 10.2 Ice Magic
 * Level 10.5 Air Magic
 * Level 10.2 Earth Magic
 * Level 10.2 Poison Magic


You knew the following spells:

 Your Spells              Type           Power      Damage    Failure   Level
a - Foxfire               Conj/Fire      100%       2x1d9     1%          1
b - Searing Ray           Conj           100%       2d8       1%          2
c - Dazzling Flash        Conj/Hex       100%       N/A       1%          3
d - Fulminant Prism       Conj/Hex       26%        3d14      1%          4
e - Iskenderun's Mystic   Conj/Tloc      52%        2d11      1%          4
f - Magic Dart            Conj           100%       1d8       1%          1
g - Scorch                Fire           100%       2d9       1%          2
h - Inner Flame           Hex/Fire       52%        N/A       1%          3
i - Confusing Touch       Hex            52%        N/A       1%          3
Your spell library was empty.

Dungeon Overview and Level Annotations

Branches:
Dungeon (8/15) Zot: 26353  Temple (1/1) D:7 Zot: 5985   Sewer (visited)
   Lair: D:8-11

Altars:
Ashenzari
Cheibriados
Elyvilon
Fedhas
Gozag
Hepliaklqana
Makhleb
Nemelex Xobeh
Ru
Trog
Uskayaw
Wu Jian
Xom
Yredelemnul
Zin
The Shining One

Shops:
D:3 :   D:8 *

Annotations:
D:5 exclusion: 3 doors
D:6 1 runed translucent door, Crazy Yiuf
D:7 3 runed translucent doors


Innate Abilities, Weirdness & Mutations

You are immune to sickness and miasma.
You are immune to poison.
Your flesh is very heat resistant. (rF++)
You are vulnerable to cold. (rC-)
You float through the air rather than walking.
You learn spells naturally, not from books.
Your magical power is your life essence.
You have superior vitality. (+4 MHP)


Message History

The polar bear barely misses you. The polar bear misses you.
The polar bear closely misses you. The polar bear completely misses you.
The polar bear claws you but does no damage.
The polar bear misses you.
Your fulminant prism crackles loudly.
The polar bear completely misses you.
The polar bear claws you but does no damage.
The polar bear completely misses you.
Your fulminant prism explodes!
The blast of energy engulfs the polar bear!!
The polar bear is severely wounded.
Casting: Fulminant Prism (dangerous; 1% risk of failure)
Confirm with . or Enter, or press ? or * to list all spells.
Aiming: Fulminant Prism (dangerous; 1% risk of failure)
Press: ? - help, Dir - move target You conjure a prism of explosive energy!
A fulminant prism comes into view.
The polar bear goes berserk!
Casting: Fulminant Prism (dangerous; 1% risk of failure)
Confirm with . or Enter, or press ? or * to list all spells.
Aiming: Fulminant Prism (dangerous; 1% risk of failure)
Press: ? - help, Dir - move target You conjure a prism of explosive energy!
A fulminant prism comes into view.
The polar bear barely misses you.
The polar bear completely misses you. x2
The polar bear barely misses you. The polar bear claws you. x2
* * * LOW HITPOINT WARNING * * *
You feel yourself slow down.
Your fulminant prism crackles loudly.
The polar bear completely misses you. The polar bear closely misses you.
The polar bear misses you.
A white imp comes into view.
Your fulminant prism crackles loudly.
Your fulminant prism explodes!
The blast of energy engulfs the polar bear!
The polar bear is almost dead.
The polar bear bites you!
You die...
Your body crumbles into a pile of gold.

.......# #.# .#.≈.~..~ ......#
#.###.#5.~ ......## #.........
.......# #.......~. .....#.# ##
#.(.....## )....# ...
#*......### .....#
#..##...(..... .....#
#.#.h......## #...##
#....@.....# .....##
#..........# .#....#
####....).....#
.#.#...............####
...#.##........##..###
#.##.##.####... ##...########
#.#...........# #...........
#.#.......##..####......#..#.
....≈≈≈............#.≈≈≈≈≈≈≈≈##


You could see a polar bear (berserk, ally target), a white imp and a friendly
fulminant prism.

Vanquished Creatures
  Maurice (D:8)
  Maggie (D:6)
  Prince Ribbit (D:7)
  A steam dragon (D:7)
  Edmund (D:6)
  A water moccasin (Sewer)
  A sky beast (D:7)
  2 orc warriors (D:7)
  An ice beast (D:5)
  3 ogres
  A boggart (D:8)
  3 centaurs (D:7)
  2 kobold brigands (D:7)
  3 phantoms
  Blork the orc (D:5)
  2 bullfrogs (D:7)
  3 gnoll sergeants
  A scorpion (D:6)
  10 wights
  2 killer bees
  An electric eel (D:8)
  2 howler monkeys
  3 jellies
  6 hounds
  An orc priest (D:7)
  4 iguanas
  3 sleepcaps
  5 orc wizards
  A centaur simulacrum (D:8)
  5 gnolls (D:8)
  9 adders
  A river rat (D:6)
  3 white imps
  A howler monkey simulacrum (D:8)
  2 ufetubi
  2 worms
  5 dart slugs
  16 orcs
  7 ball pythons
  9 bats
  9 endoplasms
  3 giant cockroaches
  9 goblins
  8 hobgoblins
  4 jackals (D:2)
  4 quokkas
  6 frilled lizards
  7 kobolds
  7 rats
184 creatures vanquished.

Vanquished Creatures (others)
  874 foxfires
  24 fulminant prisms
898 creatures vanquished.

Grand Total: 1082 creatures vanquished

Notes
Turn   | Place    | Note
-------+----------+-------------------------------------------
     0 | D:1      | holysushi the Djinni Conjurer began the quest for the Orb.
     0 | D:1      | holysushi set off with the following spells memorised:
                  | Magic Dart, Searing Ray, Dazzling Flash, Fulminant Prism,
                  | Iskenderun's Mystic Blast.
     0 | D:1      | Reached XP level 1. HP: 15/15 MP: 0/0
    60 | D:1      | Reached skill level 1 in Fighting
    94 | D:1      | Reached XP level 2. HP: 16/22 MP: 0/0
   341 | D:1      | Reached XP level 3. HP: 18/28 MP: 0/0
   341 | D:1      | Learned a level 1 spell: Foxfire
  1397 | D:2      | Reached XP level 4. HP: 13/33 MP: 0/0
  1775 | D:2      | Reached XP level 5. HP: 36/38 MP: 0/0
  1775 | D:2      | Learned a level 2 spell: Scorch
  2072 | D:3      | Found Xeun's Vocational Training.
  2137 | D:3      | Identified the +3 robe "Asithrag" {rPois Dex+4}
  2197 | D:3      | Found a faded altar of an unknown god.
  3677 | D:5      | Entered Level 5 of the Dungeon
  3753 | D:5      | Noticed Blork the orc
  3769 | D:5      | Killed Blork the orc
  3770 | D:5      | Reached XP level 6. HP: 39/43 MP: 0/0
  3869 | D:5      | Noticed an ice beast
  3888 | D:5      | Killed an ice beast
  3926 | D:5      | Reached skill level 5 in Spellcasting
  3926 | D:5      | Reached skill level 5 in Conjurations
  3926 | D:5      | Reached skill level 5 in Hexes
  3926 | D:5      | Reached skill level 5 in Summonings
  3926 | D:5      | Reached skill level 5 in Necromancy
  3926 | D:5      | Reached skill level 5 in Translocations
  3926 | D:5      | Reached skill level 5 in Transmutations
  3926 | D:5      | Reached skill level 5 in Fire Magic
  3926 | D:5      | Reached skill level 5 in Ice Magic
  3926 | D:5      | Reached skill level 5 in Air Magic
  3926 | D:5      | Reached skill level 5 in Earth Magic
  3926 | D:5      | Reached skill level 5 in Poison Magic
  3937 | D:5      | Reached XP level 7. HP: 43/49 MP: 0/0
  3937 | D:5      | Learned a level 3 spell: Inner Flame
  4301 | D:5      | Reached skill level 5 in Dodging
  4376 | D:5      | Reached XP level 8. HP: 38/54 MP: 0/0
  4439 | D:5      | Found an ornate altar of the Wu Jian Council.
  4443 | D:5      | Noticed a yak
  4444 | D:5      | Noticed a yak
  4444 | D:5      | Noticed a yak
  4446 | D:5      | Noticed a yak
  5289 | D:6      | Found a glowing drain.
  5302 | Sewer    | Entered a sewer
  5452 | Sewer    | Identified the +4 short sword of Internal Strife {flame,
                  | Dex+3}
  5461 | Sewer    | Identified the ring of the Imbibing Madman {Str+3 Dex+3
                  | Slay+4}
  5470 | Sewer    | Identified a scroll of acquirement
  5470 | Sewer    | Acquired the +2 pair of gloves of Generosity {Will+}
  5640 | D:6      | Noticed Maggie
  5653 | D:6      | Killed Maggie
  5654 | D:6      | Reached XP level 9. HP: 49/58 MP: 0/0
  5654 | D:6      | Learned a level 3 spell: Confusing Touch
  5904 | D:6      | Found a runed translucent door.
  5905 | D:6      | Noticed Crazy Yiuf
  5981 | D:6      | Noticed Edmund
  5995 | D:6      | Killed Edmund
  6800 | D:7      | Noticed Prince Ribbit
  6806 | D:7      | Killed Prince Ribbit
  6880 | D:7      | Found a staircase to the Ecumenical Temple.
  6938 | Temple   | Entered the Ecumenical Temple
  6945 | Temple   | Became a worshipper of Gozag Ym Sagoz the Greedy
  7189 | D:7      | Reached XP level 10. HP: 60/64 MP: 0/0
  8043 | D:7      | Found a runed translucent door.
  8043 | D:7      | Found a runed translucent door.
  8043 | D:7      | Noticed a gargoyle
  8045 | D:7      | Found a runed translucent door.
  8045 | D:7      | Noticed a two-headed ogre
  8045 | D:7      | Noticed a centaur warrior
  8143 | D:7      | Acquired a manual of Air Magic
  8400 | D:8      | Reached skill level 10 in Air Magic
  8402 | D:8      | Reached skill level 10 in Spellcasting
  8402 | D:8      | Reached skill level 10 in Conjurations
  8402 | D:8      | Reached skill level 10 in Hexes
  8402 | D:8      | Reached skill level 10 in Summonings
  8402 | D:8      | Reached skill level 10 in Necromancy
  8402 | D:8      | Reached skill level 10 in Translocations
  8402 | D:8      | Reached skill level 10 in Transmutations
  8402 | D:8      | Reached skill level 10 in Fire Magic
  8402 | D:8      | Reached skill level 10 in Ice Magic
  8402 | D:8      | Reached skill level 10 in Earth Magic
  8402 | D:8      | Reached skill level 10 in Poison Magic
  8519 | D:8      | Found Ocudil's Assorted Antiques.
  8542 | D:8      | Bought 2 scrolls of teleportation for 198 gold pieces
  8605 | D:8      | Noticed Maurice
  8798 | D:8      | Killed Maurice
  8958 | D:8      | Slain by a polar bear

Illustrated notes

Levels and vault maps discovered:
D:1:      nicolae_arrival_somewhat_less_tricky_arrival, layout_basic,
          serial_forest, infiniplex_forest_end_1,
          infiniplex_forest_clump_medium, infiniplex_forest_straight_4,
          infiniplex_forest_straight_4, infiniplex_forest_corner_1,
          infiniplex_forest_straight_2, infiniplex_forest_straight_4,
          infiniplex_forest_straight_5, infiniplex_forest_end_3,
          infiniplex_forest_lined_room_3, corexii_item_surrounded_by_moat
D:2:      layout_rooms
D:3:      layout_loops_corners, basic_ecumenical_altar, grunt_decor_clamped,
          nicolae_shop_vocational
D:4:      layout_loops_cross
D:5:      layout_basic, old_standard_altar, uniq_blork_the_orc
D:6:      layout_rooms, portal_sewer_entry_e, uniq_crazy_yiuf_cottage,
          uniq_maggie, uniq_edmund
D:7:      minmay_the_grid_triangle_9x9_rhombus_full
          [minmay_the_grid_triangle_9x9_wacky_v,
          minmay_the_grid_triangle_9x9_pentomino_pain,
          minmay_the_grid_triangle_9x9_skeleton,
          minmay_the_grid_triangle_9x9_stretched_checkered,
          minmay_the_grid_triangle_9x9_odd_lines,
          minmay_the_grid_triangle_9x9_fully_insulated_deathbox,
          minmay_the_grid_triangle_9x9_minimal,
          minmay_the_grid_triangle_9x9_prize_top_heavy], layout_basic,
          temple_fountains, uniq_prince_ribbit1
D:8:      layout_rooms, grunt_dithmenos_smoke_and_mirrors, serial_shops,
          nicolae_shop_waterfront, serial_ice, serial_ice_e, serial_ice_m,
          serial_ice_h, serial_ice_a, serial_ice_d, serial_ice_j,
          kennysheep_island_fort, uniq_maurice
Temple:   nicolae_temple_no_exploring_needed

Skill      XL: |  1  2  3  4  5  6  7  8  9 10 |
---------------+-------------------------------+-----
Fighting       | 1 2 |  2.0
Dodging        | 3 4 5 6 8 |  8.4
Spellcasting   | 4 5 6 7 9 10 | 10.2
Conjurations   | 4 5 6 7 9 10 | 10.2
Hexes          | 4 5 6 7 9 10 | 10.2
Summonings     | 4 5 6 7 9 10 | 10.2
Necromancy     | 4 5 6 7 9 10 | 10.2
Translocations | 4 5 6 7 9 10 | 10.2
Transmutations | 4 5 6 7 9 10 | 10.2
Fire Magic     | 4 5 6 7 9 10 | 10.2
Ice Magic      | 4 5 6 7 9 10 | 10.2
Air Magic      | 4 5 6 7 9 10 | 10.5
Earth Magic    | 4 5 6 7 9 10 | 10.2
Poison Magic   | 4 5 6 7 9 10 | 10.2
Stealth        | |  1.5

Action                     |  1- 3 |  4- 6 |  7- 9 | 10-12 || total
---------------------------+-------+-------+-------+-------++-------
  Melee: Short sword       |       |       |       |     7 ||     7
   Cast: Magic Dart        |    26 |       |       |       ||    26
         Searing Ray       |     4 |     2 |       |       ||     6
         Foxfire           |    39 |   141 |   231 |   151 ||   562
         Scorch            |       |       |    22 |     1 ||    23
         Fulminant Prism   |       |       |     3 |    22 ||    25
         Iskenderun's Myst |       |       |     1 |     2 ||     3
         Dazzling Flash    |       |       |       |     1 ||     1
    Use: Scroll            |       |       |    14 |     2 ||    16
 Armour: Robe              |     1 |     5 |     3 |     4 ||    13
  Dodge: Dodged            |     1 |    26 |    48 |    59 ||   134

Table legend: (Time is in decaauts)
 A = Elapsed time spent in this place.
 B = Non-inter-level travel time spent in this place.
 C = Inter-level travel time spent in this place.
 D = Time resting spent in this place.
 E = Time spent auto-exploring this place.
 F = Levels seen in this place.
 G = Mean time per level.
                   A        B        C        D        E       F      G
               +--------+--------+--------+--------+--------+-----+--------+
         Total |   8954 |   8578 |    376 |   1344 |   5159 |  10 |  895.4 |
       Dungeon |   8747 |   8377 |    370 |   1261 |   5159 |   8 | 1093.4 |
        Temple |     14 |      9 |      5 |      0 |      0 |   1 |   14.0 |
         Sewer |    191 |    191 |      0 |     83 |      0 |   1 |  191.0 |
               +--------+--------+--------+--------+--------+-----+--------+

Top non-repeatable levels by time:
     D:7: 2031 daAuts
     D:5: 1457 daAuts
     D:1: 1198 daAuts
     D:3: 1170 daAuts
     D:6: 937 daAuts
     D:2: 697 daAuts
     D:8: 645 daAuts
     D:4: 609 daAuts
   Sewer: 191 daAuts
  Temple: 14 daAuts
